 Dungeon Crawl Stone Soup version 0.30.0-15-g856e2d3f33 (webtiles) character file.

Game seed: 85806770010429146

163 qw the Chopper (level 5, -12/32 HPs)
             Began as a Gargoyle Fighter on May 21, 2023.
             Mangled by an ogre
             ... wielding a +0 giant club
              (21 damage)
             ... on level 5 of the Dungeon.
             The game lasted 00:01:00 (1665 turns).

qw the Chopper (Gargoyle Fighter)                   Turns: 1665, Time: 00:01:01

Health: -12/32     AC: 10    Str: 22    XL:     5   Next: 44%
Magic:  5/5        EV:  9    Int:  8    God:
Gold:   100        SH:  4    Dex:  9    Spells: 4/4 levels left

rFire   . . .        Y - +0 war axe
rCold   . . .        c - +0 buckler
rNeg    + . .        b - +0 scale mail
rPois   inf          (no helmet)
rElec   +            (no cloak)
rCorr   .            (no gloves)
SInv    .            (no boots)
Will    .....        (no amulet) Stlth
                     (no ring)
HPRegen 0.25/turn    (no ring)
MPRegen 0.09/turn

%: no passive effects
@: weakened
A: sickness immunity, AC +4, negative energy resistance 1, electricity
resistance, torment resistance 1, petrification resistance
a: no special abilities


You were on level 5 of the Dungeon.
You visited 1 branch of the dungeon, and saw 4 of its levels.

You collected 100 gold pieces.


Innate Abilities, Weirdness & Mutations

You are immune to sickness and miasma.
Your stone body is resilient. (AC +4)
You are immune to poison.
You resist negative energy. (rN+)
You are resistant to electric shocks. (rElec)
You are resistant to unholy torment.
You are immune to petrification.


   Skills:
 + Level 3.2 Fighting
 - Level 5.0 Axes
 - Level 3.2 Armour
 - Level 3.2 Shields


You had 4 spell levels left.
You didn't know any spells.
Your spell library was empty.

Inventory:

Hand Weapons
 o - a +2 vampiric whip
 Y - a +0 war axe (weapon)
Missiles
 h - 5 boomerangs (quivered)
Armour
 a - a +0 cloak
 b - a +0 scale mail (worn)
 c - a +0 buckler (worn)
 j - a +0 chain mail
Potions
 d - a potion of might
 e - a potion of cancellation {unknown}
 f - a potion of heal wounds {unknown}
 g - a potion of curing {unknown}
 i - a potion of berserk rage {unknown}
 k - a potion of attraction {unknown}
 l - a potion of flight {unknown}
 m - a potion of haste {unknown}
 n - a potion of degeneration {unknown}

Dungeon Overview and Level Annotations

Branches:
Dungeon (3/15)

Altars:


Message History

You feel as though you will be weak longer.
You slash the gnoll!
The gnoll is severely wounded.
You hit the gnoll bouda.
The gnoll bouda barks out a call to the hunt!
The gnolls pick up the pace!
The gnoll hits you but does no damage. You block the gnoll's attack.
The gnoll bouda gazes fiercely through you!
You feel as though you will be weak longer.
The gnoll bouda barely misses you.
You hit the gnoll but do no damage.
The gnoll is severely wounded.
You hit the gnoll bouda.
The gnoll bouda hits you with a +0 whip.
The gnoll barely misses you.
You hit the gnoll.
You kill the gnoll!
You barely miss the gnoll bouda.
The gnoll bouda barks out a call to the hunt!
The gnoll picks up the pace!
The gnoll completely misses you.
Your Axes skill increases to level 5!
You closely miss the gnoll bouda.
The gnoll bouda is moderately wounded.
You barely miss the ogre. You closely miss the gnoll.
The gnoll bouda hits you but does no damage.
The ogre barely misses you. The gnoll hits you but does no damage.
You barely miss the gnoll bouda.
The gnoll bouda is moderately wounded.
You barely miss the ogre. You hit the gnoll.
The gnoll bouda hits you with a +0 whip!
The gnoll hits you with a +0 flail. The ogre barely misses you.
The gnoll bouda closely misses you.
You hit the gnoll bouda but do no damage.
The gnoll bouda is moderately wounded.
You barely miss the ogre. You closely miss the gnoll.
The gnoll hits you with a +0 flail! The gnoll bouda barely misses you.
The ogre hits you with a +0 giant club!!
Ouch! That really hurt!
You die...

### ... ..# #!#
#.## #..# .
##O.#####.
#..#####@gg......
.....[.[#g.###.##
.......(....#
........#.#.....o
...###...###.#.##
.# #..#. ## #
#..#.. ....# ..
##.... ...


You could see an ogre, a gnoll bouda and 2 gnolls.

Vanquished Creatures
  A sleepcap (D:5)
  Terence (D:2)
  2 gnolls
  4 adders
  A dart slug (D:1)
  4 orcs (D:3)
  4 ball pythons
  3 endoplasms
  A giant cockroach (D:1)
  2 goblins
  2 hobgoblins
  8 jackals (D:1)
  A quokka (D:1)
  7 bats
  4 frilled lizards (D:2)
  4 kobolds
  4 rats
53 creatures vanquished.

Notes
Turn   | Place    | Note
-------+----------+-------------------------------------------
     0 | D:1      | qw the Gargoyle Fighter began the quest for the Orb.
     0 | D:1      | Reached XP level 1. HP: 14/14 MP: 1/1
     0 | D:1      | 0 ||| qw: Version: 0.2-a-98-g270134b
     0 | D:1      | 0 ||| qw: Game counter: 7
     0 | D:1      | 0 ||| qw: Always use a shield: true
     0 | D:1      | 0 ||| qw: God list: Okawaru
     0 | D:1      | 0 ||| qw: Allow faded altars: false
     0 | D:1      | 0 ||| qw: Do Orc after D:15 true
     0 | D:1      | 0 ||| qw: Do second Lair branch before Depths: true
     0 | D:1      | 0 ||| qw: Lair rune preference: random
     0 | D:1      | 0 ||| qw: Plans: Normal, Zot:1-4, God:TSO, Crypt, Tomb,
                  | Pan, Slime:5, Hells, Abyss, Win
     0 | D:1      | 0 ||| PLANNING D:1-11
   193 | D:1      | Reached skill level 2 in Axes
   236 | D:1      | Reached XP level 2. HP: 16/19 MP: 2/2
   259 | D:1      | 259 ||| Stepping ~*~*~tactically~*~*~ (hiding).
   260 | D:1      | 260 ||| Stepping ~*~*~tactically~*~*~ (hiding).
   330 | D:1      | Found a faded altar of an unknown god.
   625 | D:1      | Reached skill level 3 in Axes
   625 | D:1      | Reached XP level 3. HP: 23/23 MP: 3/3
   686 | D:1      | 686 ||| Stepping ~*~*~tactically~*~*~ (stealth).
   826 | D:1      | 826 ||| DROPPING +0 club.
   827 | D:1      | 827 ||| READING scroll labelled UMACOG MEREY.
   831 | D:1      | 831 ||| READING 2 scrolls labelled JUPSOSHR YZAZ.
   832 | D:1      | 832 ||| READING scroll labelled KUH RIERIPRAWK.
   833 | D:1      | 833 ||| READING scroll labelled LIEZ INULICWAU.
   834 | D:1      | 834 ||| DROPPING scroll of poison.
   864 | D:2      | 864 ||| STAIRDANCE
   952 | D:2      | Reached XP level 4. HP: 28/28 MP: 4/4
  1151 | D:2      | Reached skill level 4 in Axes
  1228 | D:2      | Noticed Terence
  1238 | D:2      | Killed Terence
  1293 | D:2      | 1293 ||| DROPPING +0 mace.
  1344 | D:2      | 1344 ||| Stepping ~*~*~tactically~*~*~ (hiding).
  1365 | D:2      | 1365 ||| DROPPING +5 flail of draining.
  1465 | D:2      | 1465 ||| READING scroll labelled ARHIONOMNE.
  1505 | D:3      | Reached XP level 5. HP: 32/32 MP: 5/5
  1604 | D:3      | You fall into a shaft and drop 2 floors!
  1604 | D:5      | Entered Level 5 of the Dungeon
  1607 | D:5      | 1607 ||| Stepping ~*~*~tactically~*~*~ (stealth).
  1650 | D:5      | Noticed an ogre
  1652 | D:5      | 1652 ||| Stepping ~*~*~tactically~*~*~ (stealth).
  1653 | D:5      | 1653 ||| Stepping ~*~*~tactically~*~*~ (stealth).
  1655 | D:5      | 1655 ||| Stepping ~*~*~tactically~*~*~ (hiding).
  1657 | D:5      | 1657 ||| Stepping ~*~*~tactically~*~*~ (hiding).
  1663 | D:5      | Reached skill level 5 in Axes
  1665 | D:5      | Mangled by an ogre

Levels and vault maps discovered:
D:1:      elethiomel_arrival_infinity_welcomes_careful_drivers, layout_basic,
          basic_ecumenical_altar, hangedman_decor_clover_reticule
D:2:      layout_rooms, minmay_indecisive_spiral, uniq_terence
D:3:      layout_loops_ring, old_standard_altar, nrook_mini_vaults,
          reono_crystal_passage, uniq_sigmund
D:5:      layout_loops_ring, nicolae_overflow_hidden_temple,
          amethyst_overflow_temple_binary, corexii_hall_statues_deadend,
          serial_bayou_lake_a

Skill      XL: |  1  2  3  4  5 |
---------------+----------------+-----
Axes           | 2 3 4 5 |  5.0
Fighting       | |  3.2
Armour         | |  3.2
Shields        | |  3.2

Action                     |  1- 3 |  4- 6 || total
---------------------------+-------+-------++-------
  Melee: War axe           |   103 |    97 ||   200
  Throw: Boomerang         |       |    17 ||    17
    Use: Scroll            |     4 |     1 ||     5
 Armour: Scale mail        |    75 |    34 ||   109
  Dodge: Dodged            |    65 |    63 ||   128
  Block: Buckler           |    14 |    18 ||    32

Table legend:
 A = Non-vault XP
 B = Vault XP
 C = Vault XP percentage of total XP
 D = Non-vault monster count
 E = Vault monster count
 F = Vault count percentage of total count
                 A         B        C        D         E       F
            +---------+---------+-------+---------+---------+-------
      Total |     192 |      41 |  17.6 |      48 |       5 |   9.4
            +---------+---------+-------+---------+---------+-------
        D:1 |      67 |       0 |   0.0 |      25 |       0 |   0.0
        D:2 |      56 |      41 |  42.3 |      15 |       5 |  25.0
        D:3 |      16 |       0 |   0.0 |       6 |       0 |   0.0
        D:5 |      53 |       0 |   0.0 |       2 |       0 |   0.0
            +---------+---------+-------+---------+---------+-------
